 Dungeon Crawl Stone Soup version 0.28-a0-664-gc179e30c89 (webtiles) character file.

Game seed: 16500784299792786395

676 frimble the Tainter (level 7, 0/41 HPs)
             Began as an Octopode Venom Mage on Oct 17, 2021.
             Slain by an orc priest (8 damage)
             ... on level 6 of the Dungeon.
             The game lasted 00:07:46 (5484 turns).

frimble the Tainter (Octopode Venom Mage)           Turns: 5484, Time: 00:07:46

Health: 0/41       AC:  1    Str:  7    XL:     7   Next: 59%
Magic:  1/13       EV: 13    Int: 19    God:
Gold:   109        SH:  0    Dex: 13    Spells: 9/14 levels left

rFire   . . .      SeeInvis .   h - +1 rapier (vorpal)
rCold   . . .      Faith    .   (no shield)
rNeg    . . .      Spirit   .   (helmet restricted)
rPois   .          Reflect  .   (no amulet)
rElec   .          Harm     .   (no ring)
rCorr   .          Rampage  .   (no ring)
Will    .....                   (no ring)
Stlth   +++.......              (no ring)
HPRegen 0.13/turn               (no ring)
MPRegen 0.13/turn               (no ring)
                                (no ring)
                                (no ring)

@: no status effects
A: almost no armour, amphibious, 8 rings, camouflage 1, gelatinous body 1,
(nimble swimmer 1), tentacles
a: no special abilities


You were on level 6 of the Dungeon.
You visited 1 branch of the dungeon, and saw 6 of its levels.

You collected 109 gold pieces.

Inventory:

Hand Weapons
 g - a +0 short sword
 h - a +1 vorpal rapier (weapon)
Armour
 b - a +0 buckler
Jewellery
 a - a ring of ice
Scrolls
 d - a scroll of identify
 i - 2 scrolls of teleportation
Potions
 c - 2 potions of haste
 e - a potion of curing
 f - a potion of brilliance


   Skills:
 - Level 2.0 Dodging
 - Level 2.6 Stealth
 + Level 2.3 Shields
 - Level 4.4 Spellcasting
 - Level 1.0 Transmutations
 - Level 8.3 Poison Magic


You had 9 spell levels left.
You knew the following spells:

 Your Spells              Type           Power      Damage    Failure   Level
a - Sting                 Tmut/Pois      84%        1d7       1%          1
b - Olgreb's Toxic Radia  Pois           35%        N/A       4%          4

Your spell library contained the following spells:

 Spells                   Type           Power      Damage    Failure   Level
 Poisonous Vapours        Pois/Air       38%        N/A       3%          2
 Sandblast                Erth           8%         2d5       13%         1
 Mephitic Cloud           Conj/Pois/Air  14%        N/A       13%         3
 Passwall                 Tmut/Erth      5%         N/A       16%         2
 Slow                     Hex            4%         N/A       21%         2
 Confusing Touch          Hex            4%         N/A       36%         3
 Stone Arrow              Conj/Erth      8%         3d7       36%         3
 Petrify                  Tmut/Erth      6%         N/A       71%         4
 Yara's Violent Unravell  Hex/Tmut       3%         3d4       96%         5
 Metabolic Englaciation   Hex/Ice        2%         N/A       98%         5
 Statue Form              Tmut/Erth      4%         N/A       100%        6


Dungeon Overview and Level Annotations

Branches:
Dungeon (6/15)             Temple (0/1) D:4

Altars:
Uskayaw
Wu Jian

Shops:
D:1 [   D:3 [

Annotations:
D:3 1 runed translucent door, Hanzohara's ghost, amateur GnMo
D:5 Grinder


Innate Abilities, Weirdness & Mutations

You cannot wear most types of armour.
You are amphibious.
You can wear up to eight rings at the same time.
Your skin changes colour to match your surroundings (Stealth+).
Your rubbery body absorbs attacks. (AC +1, EV +1)
((You are camouflaged near water. (Stealth+)))
You have tentacles for arms and can constrict up to eight enemies at once.


Message History

The orc wizard looks more healthy.
Casting: Olgreb's Toxic Radiance (dangerous; 4% risk of failure)
Confirm with . or Enter, or press ? or * to list all spells.
You begin to radiate toxic energy.
The orc priest is poisoned.
The adder is poisoned.
The orc priest looks even sicker.
You closely miss the adder. Your grab misses the adder.
The adder is heavily wounded.
The orc priest looks even sicker.
Your toxic aura wanes.
The adder bites you. The adder closely misses you.
You closely miss the adder. Your grab misses the adder.
The adder is severely wounded.
The adder bites you.
The orc priest casts a cantrip, but nothing happens.
You hit the adder.
You kill the adder!
The orc priest looks encouraged for a moment.
Your Shields skill increases to level 2!
You miss the orc wizard. Your grab misses the orc wizard.
The orc wizard is heavily wounded.
The orc wizard closely misses you.
You hit the orc wizard. You grab the orc wizard.
The orc wizard is almost dead.
You constrict the orc wizard.
The orc priest hits you from afar with a +0 trident.
The orc wizard gestures at you while chanting.
The magic dart hits you!
* * * LOW HITPOINT WARNING * * *
The orc priest misses you.
You feel better.
You constrict the orc wizard.
The orc wizard hits you with a +0 dagger.
The orc priest misses you.
You hit the orc wizard.
You kill the orc wizard!
The orc priest invokes the aid of Beogh against you.
Beogh smites you!
* * * LOW HITPOINT WARNING * * *
You feel better.
The orc priest hits you from afar with a +0 trident!
You die...

######.#.# #
####......#.##.#
#..............#
#..............#
#..............#
#...<.)........#
#.............##.
#...†..o....)....
###.#####@#.####
#)#####)#.#
#..o....# #
#.....(....###
#..........).#
#..........#.#
#....>.....#.#
#........... .
#..............


You could see an orc priest (poisoned).

Vanquished Creatures
  A black bear (D:4)
  An ogre (D:4)
  A scorpion (D:4)
  A water moccasin skeleton (D:4)
  A hound (D:4)
  An orc priest (D:6)
  4 iguanas
  3 orc wizards
  A hound skeleton (D:4)
  5 adders
  A white imp (D:6)
  A worm (D:4)
  2 dart slugs
  10 orcs
  6 bats
  13 endoplasms
  3 giant cockroaches (D:2)
  4 goblins
  2 hobgoblins
  6 jackals
  A quokka (D:2)
  7 ball pythons
  10 frilled lizards
  5 kobolds
  3 rats
93 creatures vanquished.

Notes
Turn   | Place    | Note
-------+----------+-------------------------------------------
     0 | D:1      | frimble the Octopode Venom Mage began the quest for the
                  | Orb.
     0 | D:1      | Reached XP level 1. HP: 11/11 MP: 3/3
   320 | D:1      | Reached skill level 4 in Poison Magic
   383 | D:1      | Reached XP level 2. HP: 16/17 MP: 5/5
   952 | D:1      | Reached XP level 3. HP: 20/21 MP: 6/6
   982 | D:1      | Reached skill level 5 in Poison Magic
  1858 | D:1      | Found Uditeh's Antique Armour Boutique.
  2415 | D:2      | Found a faded altar of an unknown god.
  2934 | D:3      | Found a runed translucent door.
  2953 | D:3      | Noticed Hanzohara's ghost (amateur GnMo)
  3267 | D:3      | Reached XP level 4. HP: 25/27 MP: 7/7
  3276 | D:3      | Learned a level 4 spell: Olgreb's Toxic Radiance
  3339 | D:3      | Reached skill level 6 in Poison Magic
  3519 | D:3      | Found Yvus Gof's Armour Shoppe.
  3712 | D:4      | Noticed a black bear
  3753 | D:3      | Reached XP level 5. HP: 22/31 MP: 3/8
  3962 | D:4      | Reached skill level 7 in Poison Magic
  4003 | D:4      | Found a staircase to the Ecumenical Temple.
  4481 | D:4      | Reached skill level 8 in Poison Magic
  4481 | D:4      | Reached XP level 6. HP: 22/36 MP: 9/9
  4975 | D:4      | Reached XP level 7. HP: 39/41 MP: 12/12
  5006 | D:4      | Found a hide-covered altar of Uskayaw.
  5006 | D:4      | Found an ornate altar of the Wu Jian Council.
  5372 | D:5      | Entered Level 5 of the Dungeon
  5372 | D:5      | Noticed Grinder
  5424 | D:5      | Paralysed by Grinder for 6 turns
  5465 | D:6      | Reached skill level 1 in Shields
  5483 | D:6      | HP: 2/41 [orc priest/divine providence (16)]
  5484 | D:6      | Slain by an orc priest

Illustrated notes

Levels and vault maps discovered:
D:1:      beargit_arrival_greenhouse, layout_loops_ring, serial_shops,
          nicolae_lakefront_shop, minmay_misc_feat_chi, minmay_misc_feat_roman,
          minmay_misc_feat_x, chequers_serial_rivers_large_a, minmay_ruptured
D:2:      layout_basic, ebering_ecumenical_altar_mist
D:3:      layout_basic, ebering_ghost_sewer_d, serial_shops,
          nicolae_shop_behind_doors, skrybe_limestone_x
D:4:      layout_basic, jmf_multi_god_temple, minmay_temple_entry_trees
D:5:      wad_lake_hut, layout_rooms, grunt_temple_overflow_open,
          minmay_hedge_maze, uniq_grinder, uniq_ijyb
D:6:      layout_basic, uniq_edmund, uniq_pikel, uniq_duvessa, uniq_menkaure,
          uniq_crazy_yiuf_cottage

Skill      XL: |  1  2  3  4  5  6  7 |
---------------+----------------------+-----
Poison Magic   | 4 5 6 8 |  8.3
Spellcasting   | 3 4 |  4.4
Shields        | 2 |  2.3
Dodging        | |  2.0
Stealth        | |  2.6
Transmutations | |  1.0

Action                   |  1- 3 |  4- 6 |  7- 9 || total
-------------------------+-------+-------+-------++-------
Melee: Unarmed           |    64 |       |       ||    64
       Constrict         |    19 |    10 |     2 ||    31
       Tentacles         |     6 |     4 |     1 ||    11
       Short sword       |    25 |       |       ||    25
       Rapier            |     9 |    39 |    15 ||    63
 Cast: Sting             |    43 |    11 |       ||    54
       Olgreb's Toxic Ra |       |     6 |     8 ||    14
  Use: Scroll            |     7 |     5 |       ||    12
       Potion            |       |       |     2 ||     2
 Stab: Sleeping          |     9 |     4 |     2 ||    15
Armor: Skin              |     6 |       |       ||     6
Dodge: Dodged            |    71 |    29 |     7 ||   107

Table legend: (Time is in decaauts)
 A = Elapsed time spent in this place.
 B = Non-inter-level travel time spent in this place.
 C = Inter-level travel time spent in this place.
 D = Time resting spent in this place.
 E = Time spent auto-exploring this place.
 F = Levels seen in this place.
 G = Mean time per level.
                   A        B        C        D        E       F      G
               +--------+--------+--------+--------+--------+-----+--------+
         Total |   5500 |   5226 |    274 |     10 |   4399 |   6 |  916.7 |
       Dungeon |   5500 |   5226 |    274 |     10 |   4399 |   6 |  916.7 |
               +--------+--------+--------+--------+--------+-----+--------+

Top non-repeatable levels by time:
     D:1: 2025 daAuts
     D:4: 1549 daAuts
     D:2: 941 daAuts
     D:3: 915 daAuts
     D:6: 52 daAuts
     D:5: 17 daAuts
